| TOP OF THE 1ST |
|---|
| Oklahoma Sooners batting - Pitching for Kansas State Wildcats : LHP Adam Carmon | | Pitching: LHP Adam Carmon | | | Batting: LHB Jake Dingler | 0-0: Swinging Strike 0-1: Ball 1-1: Foul Ball, location: 2F 1-2: Ball 2-2: Ball 3-2: Base on Balls | | Batting: LHB Ken Wood | 0-0: Foul Ball, location: 2F 0-1: Ball 1-1: Ball 2-1: Ball 3-1: Grounds into double play, 6-4-3 (Groundball, 6) | | Batting: SHB David Logsdon | 0-0: Hit by Pitch | | Batting: RHB Bronson Shanks | 0-0: Called Strike David Logsdon is caught stealing 2nd base | | Top of the 1st over - 0 runs, 0 hits, 0 errors, 0 left on base; Oklahoma 0 - Kansas State 0 | | BOTTOM OF THE 1ST |
|---|
| Kansas State Wildcats batting - Pitching for Oklahoma Sooners : RHP Rich Schwartz | | Pitching: RHP Rich Schwartz | | | Batting: LHB Ben Krempasky | 0-0: Swinging Strike 0-1: Fly out, F8 (Line Drive, 8RXD) | | Batting: RHB Steven Sanders | 0-0: Called Strike 0-1: Swinging Strike 0-2: Ball 1-2: Ball 2-2: Strikes out swinging | | Batting: SHB Brian Zito | 0-0: Called Strike 0-1: Swinging Strike 0-2: Hit by Pitch | | Batting: LHB Glenn Edge | 0-0: Foul Ball, location: 2F 0-1: Fielders Choice at 2nd, 6-4 (Groundball, 6) | | Bottom of the 1st over - 0 runs, 0 hits, 0 errors, 1 left on base; Oklahoma 0 - Kansas State 0 | | TOP OF THE 2ND |
|---|
| Oklahoma Sooners batting - Pitching for Kansas State Wildcats : LHP Adam Carmon | | Batting: RHB Bronson Shanks | 0-0: Ground out 5-3 (Groundball, 25) | | Batting: RHB David George | 0-0: Fly out, F7 (Flyball, 7S) | | Batting: RHB Jarred Ryan | 0-0: Ball 1-0: Called Strike 1-1: Ball 2-1: Ball 3-1: Foul Ball, location: 2F 3-2: Strikes out swinging | | Top of the 2nd over - 0 runs, 0 hits, 0 errors, 0 left on base; Oklahoma 0 - Kansas State 0 | | BOTTOM OF THE 2ND |
|---|
| Kansas State Wildcats batting - Pitching for Oklahoma Sooners : RHP Rich Schwartz | | Batting: RHB Tony Ramirez | 0-0: Ball 1-0: Fly out, F5 (Popup, 56) | | Batting: RHB Ralph Raynor | 0-0: Ball 1-0: Ball 2-0: Called Strike 2-1: Swinging Strike 2-2: Ball 3-2: Strikes out swinging | | Batting: LHB Justin Penn | 0-0: Foul Ball, location: 2F 0-1: Ball 1-1: Ball 2-1: Swinging Strike 2-2: Strikes out looking | | Bottom of the 2nd over - 0 runs, 0 hits, 0 errors, 0 left on base; Oklahoma 0 - Kansas State 0 | | TOP OF THE 3RD |
|---|
| Oklahoma Sooners batting - Pitching for Kansas State Wildcats : LHP Adam Carmon | | Batting: LHB David Frost | 0-0: Ball 1-0: Ball 2-0: Called Strike 2-1: Foul Ball, location: 2F 2-2: Ball 3-2: Foul Ball, location: 2F 3-2: Strikes out swinging, 2-3 out at first. | | Batting: SHB Quincy Slaughter | 0-0: Called Strike 0-1: Foul Ball, location: 2F 0-2: SINGLE (Flyball, 9S) | | Batting: SHB Fred Nester | 0-0: Ball 1-0: Ball 2-0: Ball 3-0: Base on Balls Quincy Slaughter to second | | Batting: LHB Jake Dingler | 0-0: Ball 1-0: Ball 2-0: Swinging Strike 2-1: DOUBLE (Line Drive, 78D) Quincy Slaughter scores Fred Nester to third | | Batting: LHB Ken Wood | 0-0: Ball 1-0: Foul Ball, location: 2F 1-1: Called Strike 1-2: Foul Ball, location: 2F 1-2: Foul Ball, location: 2F 1-2: Foul Ball, location: 2F 1-2: Foul Ball, location: 2F 1-2: Ball 2-2: Foul Ball, location: 2F 2-2: Ball 3-2: Strikes out swinging | | Batting: SHB David Logsdon | 0-0: SINGLE (Groundball, 56S) (infield hit) Fred Nester scores Jake Dingler to third | | Batting: RHB Bronson Shanks | 0-0: Called Strike 0-1: Ball 1-1: Foul Ball, location: 2F 1-2: Ground out 5-3 (Groundball, 56S) | | Top of the 3rd over - 2 runs, 3 hits, 0 errors, 2 left on base; Oklahoma 2 - Kansas State 0 | | BOTTOM OF THE 3RD |
|---|
| Kansas State Wildcats batting - Pitching for Oklahoma Sooners : RHP Rich Schwartz | | Batting: RHB Mark Sanchez | 0-0: Called Strike 0-1: Ball 1-1: Called Strike 1-2: Foul Ball, location: 2F 1-2: Foul Ball, location: 2F 1-2: Ground out 1-3 (Groundball, 13S) | | Batting: RHB Billy Colby | 0-0: Ball 1-0: Ball 2-0: Ball 3-0: Swinging Strike 3-1: Called Strike 3-2: Strikes out swinging | | Batting: LHB Ben Krempasky | 0-0: Ground out 6-3 (Groundball, 6) | | Bottom of the 3rd over - 0 runs, 0 hits, 0 errors, 0 left on base; Oklahoma 2 - Kansas State 0 | | TOP OF THE 4TH |
|---|
| Oklahoma Sooners batting - Pitching for Kansas State Wildcats : LHP Adam Carmon | | Batting: RHB David George | 0-0: Called Strike 0-1: Foul Ball, location: 2F 0-2: Ball 1-2: Foul Ball, location: 2F 1-2: Ground out 6-3 (Groundball, 6) | | Batting: RHB Jarred Ryan | 0-0: SINGLE (Groundball, 6MD) | | Batting: LHB David Frost | 0-0: Ball 1-0: Ball 2-0: Called Strike 2-1: Ball 3-1: Foul Ball, location: 2F 3-2: Foul Ball, location: 2F 3-2: Base on Balls Jarred Ryan to second | | Batting: SHB Quincy Slaughter | 0-0: Ball 1-0: Foul Ball, location: 2F 1-1: Ball Wild Pitch! Jarred Ryan to third David Frost to second 2-1: Ball 3-1: Base on Balls | | Batting: SHB Fred Nester | 0-0: Ball Wild Pitch! Jarred Ryan scores David Frost to third Quincy Slaughter to second 1-0: Ball 2-0: Foul Ball, location: 2F 2-1: Called Strike 2-2: Ball 3-2: Fly out, F9 (Flyball, 9S) | | Batting: LHB Jake Dingler | 0-0: Ball 1-0: Called Strike 1-1: Ball 2-1: Swinging Strike 2-2: Ball 3-2: Foul Ball, location: 2F 3-2: Base on Balls | | Batting: LHB Ken Wood | 0-0: Ball 1-0: Ball 2-0: Ball 3-0: Base on Balls David Frost scores Quincy Slaughter to third Jake Dingler to second | | Batting: SHB David Logsdon | 0-0: SINGLE (Groundball, 56D) Quincy Slaughter scores Jake Dingler to third Ken Wood to second Runner from 3rd tries for Home, SAFE, throw made home | | Batting: RHB Bronson Shanks | 0-0: Foul Ball, location: 2F 0-1: Fly out, F8 (Flyball, 8RS) | | Top of the 4th over - 4 runs, 2 hits, 0 errors, 2 left on base; Oklahoma 6 - Kansas State 0 | | BOTTOM OF THE 4TH |
|---|
| Kansas State Wildcats batting - Pitching for Oklahoma Sooners : RHP Rich Schwartz | | Batting: RHB Steven Sanders | 0-0: Ball 1-0: Called Strike 1-1: Ball 2-1: Ball 3-1: Foul Ball, location: 2F 3-2: Base on Balls | | Batting: SHB Brian Zito | 0-0: SINGLE (Line Drive, 89M) Steven Sanders to second | | Batting: LHB Glenn Edge | 0-0: Ball 1-0: Called Strike 1-1: Ball 2-1: Ball 3-1: Base on Balls Steven Sanders to third Brian Zito to second | | Batting: RHB Tony Ramirez | 0-0: Foul Ball, location: 2F 0-1: Ball 1-1: Ball 2-1: Foul Ball, location: 2F 2-2: Strikes out swinging | | Batting: RHB Ralph Raynor | 0-0: Ball 1-0: Called Strike 1-1: Called Strike 1-2: Foul Ball, location: 2F 1-2: Grounds into double play, 6-4-3 (Groundball, 56) | | Bottom of the 4th over - 0 runs, 1 hit, 0 errors, 2 left on base; Oklahoma 6 - Kansas State 0 | | TOP OF THE 5TH |
|---|
| Oklahoma Sooners batting - Pitching for Kansas State Wildcats : LHP Adam Carmon | | Batting: RHB David George | 0-0: SINGLE (Groundball, 5S) (infield hit) | | Batting: RHB Jarred Ryan | 0-0: Called Strike 0-1: Fly out, F4 (Popup, 4) | | Batting: LHB David Frost | 0-0: Ball 1-0: Ball 2-0: Called Strike 2-1: Ball 3-1: Fielders Choice at 2nd, 4-6 (Groundball, 4D) | | Batting: SHB Quincy Slaughter | 0-0: Called Strike 0-1: Foul Ball, location: 2F 0-2: Ball 1-2: Ball 2-2: Foul Ball, location: 2F 2-2: Ground out 5-3 (Groundball, 5S) | | Top of the 5th over - 0 runs, 1 hit, 0 errors, 1 left on base; Oklahoma 6 - Kansas State 0 | | BOTTOM OF THE 5TH |
|---|
| Kansas State Wildcats batting - Pitching for Oklahoma Sooners : RHP Rich Schwartz | | Batting: LHB Justin Penn | 0-0: Called Strike 0-1: Ball 1-1: Ball 2-1: Ground out U3 (Groundball, 3L) | | Batting: RHB Mark Sanchez | 0-0: Ball 1-0: Ball 2-0: Ball 3-0: Called Strike 3-1: Base on Balls | | Batting: RHB Billy Colby | 0-0: Called Strike 0-1: Ball 1-1: Fly out, F9 (Flyball, 9LS) | | Batting: LHB Ben Krempasky | 0-0: Ball 1-0: Reached on error, E6 (Groundball, 6S) Mark Sanchez to second | | Batting: RHB Steven Sanders | 0-0: SINGLE (Line Drive, 7LM) Mark Sanchez to third Ben Krempasky to second | | Batting: SHB Brian Zito | 0-0: Ball 1-0: Ball 2-0: Called Strike 2-1: Foul Ball, location: 2F 2-2: Strikes out looking | | Bottom of the 5th over - 0 runs, 1 hit, 1 error, 3 left on base; Oklahoma 6 - Kansas State 0 | | TOP OF THE 6TH |
|---|
| Oklahoma Sooners batting - Pitching for Kansas State Wildcats : LHP Adam Carmon | | Batting: SHB Fred Nester | 0-0: Swinging Strike 0-1: Called Strike 0-2: Ground out 6-3 (Groundball, 6D) | | Batting: LHB Jake Dingler | 0-0: Called Strike 0-1: Ball 1-1: SINGLE (Groundball, 15S) (infield hit) | | Pitching: RHP Juan Gonzalez | | | Batting: LHB Ken Wood | 0-0: Ball 1-0: Called Strike 1-1: Called Strike 1-2: Foul Ball, location: 2F 1-2: Ball 2-2: Ball 3-2: Ground out 4-3 (Groundball, 34D) Jake Dingler to second | | Batting: SHB David Logsdon | 0-0: Called Strike 0-1: Called Strike 0-2: Foul Ball, location: 2F 0-2: Fly out, F7 (Flyball, 7S) | | Top of the 6th over - 0 runs, 1 hit, 0 errors, 1 left on base; Oklahoma 6 - Kansas State 0 | | BOTTOM OF THE 6TH |
|---|
| Kansas State Wildcats batting - Pitching for Oklahoma Sooners : RHP Rich Schwartz | | Batting: LHB Glenn Edge | 0-0: Called Strike 0-1: Swinging Strike 0-2: SINGLE (Groundball, 56D) | | Batting: RHB Tony Ramirez | 0-0: SINGLE (Groundball, 6MD) Glenn Edge to second | | Batting: RHB Ralph Raynor | 0-0: Called Strike 0-1: Called Strike 0-2: Ball 1-2: Ball 2-2: Ball 3-2: 3-RUN HOME RUN (Flyball, 7D), Distance : 391 ft | | Batting: LHB Justin Penn | 0-0: SINGLE (Line Drive, 89S) | | Batting: RHB Mark Sanchez | 0-0: Fly out, F7 (Line Drive, 7) | | Batting: RHB Billy Colby | 0-0: Called Strike 0-1: Foul Ball, location: 2F 0-2: Strikes out swinging | | Batting: LHB Ben Krempasky | 0-0: Ball Justin Penn steals 2nd base 1-0: Foul Ball, location: 2F 1-1: Foul Ball, location: 2F 1-2: SINGLE (Line Drive, 7S) Justin Penn to third | | Batting: RHB Steven Sanders | 0-0: Called Strike Ben Krempasky steals 2nd base 0-1: Ball 1-1: Ground out 6-3 (Groundball, 6) | | Bottom of the 6th over - 3 runs, 5 hits, 0 errors, 2 left on base; Oklahoma 6 - Kansas State 3 | | TOP OF THE 7TH |
|---|
| Oklahoma Sooners batting - Pitching for Kansas State Wildcats : RHP Juan Gonzalez | | Batting: RHB Bronson Shanks | 0-0: Reached via error on a dropped throw, E1 | | Batting: RHB David George | 0-0: Ball 1-0: Called Strike 1-1: Called Strike 1-2: Fly out, F8 (Flyball, 8LS) | | Batting: RHB Jarred Ryan | 0-0: Ball 1-0: Ball 2-0: Ball 3-0: Base on Balls Bronson Shanks to second | | Batting: LHB David Frost | 0-0: Ball 1-0: Ball 2-0: Foul Ball, location: 2F 2-1: Ground out 4-3 (Groundball, 4MS) Bronson Shanks to third Jarred Ryan to second | | Batting: SHB Quincy Slaughter | 0-0: Ball 1-0: Foul Ball, location: 2F 1-1: Ball 2-1: Foul Ball, location: 2F 2-2: Ball 3-2: Base on Balls | | Pinch Hitting: LHB Jonathan Vigil | 0-0: Foul Ball, location: 2F 0-1: Called Strike 0-2: Strikes out swinging | | Top of the 7th over - 0 runs, 0 hits, 1 error, 3 left on base; Oklahoma 6 - Kansas State 3 | | BOTTOM OF THE 7TH |
|---|
| Kansas State Wildcats batting - Pitching for Oklahoma Sooners : RHP Rich Schwartz | | Now at 2B: Curt Hanson | | | Batting: SHB Brian Zito | 0-0: Called Strike 0-1: Foul Ball, location: 2F 0-2: Ball 1-2: Strikes out swinging | | Batting: LHB Glenn Edge | 0-0: Ball 1-0: Fly out, F8 (Flyball, 8LS) | | Batting: RHB Tony Ramirez | 0-0: Called Strike 0-1: Called Strike 0-2: Ball 1-2: Ground out 5-3 (Groundball, 5) | | Bottom of the 7th over - 0 runs, 0 hits, 0 errors, 0 left on base; Oklahoma 6 - Kansas State 3 | | TOP OF THE 8TH |
|---|
| Oklahoma Sooners batting - Pitching for Kansas State Wildcats : RHP Juan Gonzalez | | Batting: LHB Jake Dingler | 0-0: Ball 1-0: Ground out U3 (Groundball, 3) | | Batting: LHB Ken Wood | 0-0: Ball 1-0: Fly out, F8 (Line Drive, 78D) | | Batting: SHB David Logsdon | 0-0: Called Strike 0-1: Fly out, F4 (Flyball, 4MD) | | Top of the 8th over - 0 runs, 0 hits, 0 errors, 0 left on base; Oklahoma 6 - Kansas State 3 | | BOTTOM OF THE 8TH |
|---|
| Kansas State Wildcats batting - Pitching for Oklahoma Sooners : RHP Rich Schwartz | | Batting: RHB Ralph Raynor | 0-0: Foul Ball, location: 2F 0-1: Ball 1-1: Foul Ball, location: 2F 1-2: Foul Ball, location: 2F 1-2: SINGLE (Groundball, 6D) | | Batting: LHB Justin Penn | 0-0: Called Strike 0-1: Called Strike 0-2: Ball 1-2: Ground out 3-1 (Groundball, 34S) Ralph Raynor to second | | Batting: RHB Mark Sanchez | 0-0: Called Strike 0-1: Foul Ball, location: 2F 0-2: Foul Ball, location: 2F 0-2: Ball 1-2: Ground out 6-3 (Groundball, 6) | | Batting: RHB Billy Colby | 0-0: Called Strike 0-1: Foul Ball, location: 2F 0-2: Ball 1-2: SINGLE (Line Drive, 4) Ralph Raynor to third Runner from 3rd tries for Home, SAFE, no throw | | Batting: LHB Ben Krempasky | 0-0: Called Strike 0-1: Ball 1-1: Ball 2-1: Ball 3-1: Foul Ball, location: 2F 3-2: Base on Balls Billy Colby to second | | Pitching: RHP Jake Wilson | | | Batting: RHB Steven Sanders | 0-0: Called Strike 0-1: Foul Ball, location: 2F 0-2: Ball 1-2: Fielders Choice at 2nd, 5-4 (Groundball, 56) | | Bottom of the 8th over - 1 run, 2 hits, 0 errors, 2 left on base; Oklahoma 6 - Kansas State 4 | | TOP OF THE 9TH |
|---|
| Oklahoma Sooners batting - Pitching for Kansas State Wildcats : RHP Juan Gonzalez | | Batting: RHB Bronson Shanks | 0-0: Ball 1-0: Ball 2-0: Called Strike 2-1: TRIPLE (Flyball, 9LD) | | Batting: RHB David George | 0-0: Ball 1-0: Ball 2-0: Ball 3-0: Called Strike 3-1: Base on Balls | | Batting: RHB Jarred Ryan | 0-0: Called Strike 0-1: Called Strike 0-2: Ball 1-2: Ball 2-2: Ball 3-2: Base on Balls David George to second | | Batting: LHB David Frost | 0-0: Called Strike 0-1: Foul Ball, location: 2F 0-2: Ball 1-2: Foul Ball, location: 2F 1-2: Fly out, F8 (Flyball, 78M) Runner from 3rd tags up, SCORES, throw made | | Batting: SHB Quincy Slaughter | 0-0: Called Strike 0-1: Ball 1-1: Swinging Strike 1-2: Foul Ball, location: 2F 1-2: Ball 2-2: Foul Ball, location: 2F 2-2: Ball 3-2: Base on Balls David George to third Jarred Ryan to second | | Pinch Hitting: LHB Mike Sechrest | 0-0: Called Strike 0-1: Ball 1-1: SINGLE (Flyball, 9LS) David George scores Jarred Ryan to third Quincy Slaughter to second Runner from 3rd tries for Home, SAFE, no throw | | Batting: LHB Jake Dingler | 0-0: Ball 1-0: Fly out, F7 (Flyball, 78M) | | Batting: LHB Ken Wood | 0-0: Ball 1-0: Ball 2-0: Foul Ball, location: 2F 2-1: Foul Ball, location: 2F 2-2: Ball 3-2: SINGLE (Groundball, 4MD) Quincy Slaughter to third Mike Sechrest to second Quincy Slaughter scores Mike Sechrest to third | | Batting: SHB David Logsdon | 0-0: Ball 1-0: Fly out, F7 (Flyball, 7LM) | | Top of the 9th over - 4 runs, 3 hits, 0 errors, 2 left on base; Oklahoma 10 - Kansas State 4 | | BOTTOM OF THE 9TH |
|---|
| Kansas State Wildcats batting - Pitching for Oklahoma Sooners : RHP Jake Wilson | | Now at 1B: Brandon DiSanti | | | Now at 2B: Mike Sechrest | | | Batting: SHB Brian Zito | 0-0: Swinging Strike 0-1: Foul Ball, location: 2F 0-2: Ball 1-2: Foul Ball, location: 2F 1-2: Fly out, F9 (Flyball, 9LS) | | Batting: LHB Glenn Edge | 0-0: Called Strike 0-1: Ground out U3 (Groundball, 3) | | Batting: RHB Tony Ramirez | 0-0: Called Strike 0-1: DOUBLE (Flyball, 89XD) | | Batting: RHB Ralph Raynor | 0-0: Ball 1-0: Ball 2-0: Swinging Strike 2-1: Ball 3-1: Base on Balls | | Batting: LHB Justin Penn | 0-0: Called Strike 0-1: Ball 1-1: Called Strike 1-2: Strikes out swinging | | Bottom of the 9th over - 0 runs, 1 hit, 0 errors, 2 left on base; Oklahoma 10 - Kansas State 4 | |